 Dungeon Crawl Stone Soup version 0.22-a0-538-g76cc104 (webtiles) character file.

27132 jamsan the Warrior (level 13, -2/128 HPs)
             Began as a Minotaur Fighter on June 23, 2018.
             Was a High Priest of Makhleb.
             Slain by a catoblepas (11 damage)
             ... on level 5 of the Lair of Beasts.
             The game lasted 00:47:39 (17098 turns).

jamsan the Warrior (Minotaur Fighter)              Turns: 17098, Time: 00:47:40

Health: -2/128     AC: 15    Str: 27    XL:     13   Next: 2%
Magic:  12/12      EV: 19    Int:  5    God:    Makhleb [*****.]
Gold:   858        SH:  0    Dex: 14    Spells: 12/12 levels left

rFire    + + .     SeeInvis .   w - +9 scythe of Animal Spirits {slice, *Rage rPois rN+ Stlth+}
rCold    + . .     Gourm    .   (shield currently unavailable)
rNeg     + . .     Faith    .   C - +1 ring mail {rF+}
rPois    +         Spirit   .   (helmet restricted)
rElec    +         Reflect  .   (no cloak)
rCorr    +         Harm     .   p - +0 pair of gloves
MR       .....     Rnd*Rage +   z - +1 pair of boots
Stlth    +++.......             (no amulet)
HPRegen  0.31/turn              s - +4 ring of evasion
MPRegen  0.13/turn              D - +2 ring of protection

@: agile, resistant
A: retaliatory headbutt, horns 2
a: Minor Destruction, Lesser Servant of Makhleb, Major Destruction, Greater
Servant of Makhleb, Renounce Religion


You were on level 5 of the Lair of Beasts.
You worshipped Makhleb.
Makhleb was extremely pleased with you.
You were not hungry.

You visited 2 branches of the dungeon, and saw 17 of its levels.
You also visited: Volcano.

You collected 858 gold pieces.

Inventory:

Hand Weapons
 q - a +1 demon blade of flaming
 t - a +2 mace of protection
 w - the +9 scythe of Animal Spirits (weapon) {slice, *Rage rPois rN+ Stlth+}
   (You found it on level 6 of the Dungeon)

   It inflicts extra damage upon your enemies.
   It protects you from poison.
   It protects you from negative energy.
   It may make you go berserk in combat.
   It makes you more stealthy.
Armour
 c - a +0 shield
 p - a +0 pair of gloves (worn)
 u - a +0 scale mail of fire resistance
 z - a +1 pair of boots (worn)
 C - a +1 ring mail of fire resistance (worn)
Jewellery
 j - an uncursed ring of flight
 s - a +4 ring of evasion (left hand)
 D - a +2 ring of protection (right hand)
 H - an uncursed ring of poison resistance
Wands
 b - a wand of acid (6)
 d - a wand of random effects (132)
 g - a wand of polymorph (30)
 v - a wand of flame (39)
 A - a wand of iceblast (7)
 K - a wand of disintegration (9)
Scrolls
 e - 3 scrolls of identify
 k - 11 scrolls of teleportation
 l - 10 scrolls of remove curse
 m - 2 scrolls of amnesia {unknown}
 x - 3 scrolls of enchant weapon
 B - a scroll of immolation {unknown}
 G - 2 scrolls of noise
Potions
 h - a potion of resistance
 i - 4 potions of degeneration
 n - a potion of flight
 o - 4 potions of curing
 r - a potion of invisibility
 E - a potion of brilliance
 I - a potion of mutation
Miscellaneous
 y - a phantom mirror
Comestibles
 f - 23 rations


   Skills:
 + Level 15.6 Fighting
   Level 13.4 Axes
 + Level 15.6 Armour
 - Level 3.8 Shields


You had 12 spell levels left.
You didn't know any spells.
Your spell library contained the following spells:

 Spells                   Type           Power        Failure   Level  Hunger
 Bolt of Magma            Conj/Fire/Erth #.........   100%        5    ######.
 Throw Frost              Conj/Ice       #.....       71%         2    ###....
 Venom Bolt               Conj/Pois      #.........   100%        5    ######.
 Freeze                   Ice            #...         56%         1    ##.....
 Summon Ice Beast         Ice/Summ       #.......     100%        4    #####..
 Ozocubu's Armour         Chrm/Ice       #.......     90%         3    ####...
 Iron Shot                Conj/Erth      #.........   100%        6    #######
 Throw Icicle             Conj/Ice       #.......     100%        4    #####..
 Shadow Creatures         Summ           N/A          100%        6    #######
 Ensorcelled Hibernation  Hex/Ice        #.....       71%         2    ###....
 Silence                  Hex/Air        #.........   100%        5    ######.
 Orb of Destruction       Conj           #.........   100%        7    #######
 Darkness                 Hex            #.........   100%        6    #######
 Iskenderun's Battlesphe  Conj/Chrm      #.......     100%        5    ######.
 Spellforged Servitor     Conj/Summ      #.........   100%        7    #######
 Borgnjor's Vile Clutch   Necr/Erth      #.........   100%        5    ######.


Dungeon Overview and Level Annotations

Branches:
Dungeon (12/15)            Temple (0/1) D:5            Lair (5/6) D:10
  Swamp (0/4) Lair:3       Spider (0/4) Lair:3
  Slime: Lair:5-6       Orc: D:9-12

Altars:
Ashenzari
Cheibriados
Dithmenos
Gozag
Hepliaklqana
Makhleb
Nemelex Xobeh
Okawaru
Qazlal
Ru
Trog
Vehumet
Yredelemnul
Zin

Shops:
D:4 %   D:10 !   D:11 }

Annotations:
D:11 exclusion: downstairs
D:12 Sonja


Innate Abilities, Weirdness & Mutations

You reflexively headbutt those who attack you in melee.
You have a pair of horns on your head.


Message History

* * * LOW HITPOINT WARNING * * *
The polar bear completely misses you.
The polar bear claws you but does no damage.
The polar bear completely misses you.
You feel less wooden.
Your +0 pair of gloves unmelds from your body.
Your +1 pair of boots unmelds from your body.
Your +1 ring mail of fire resistance unmelds from your body.
You feel resistant to fire. The catoblepas gores you!
* * * LOW HITPOINT WARNING * * *
The polar bear bites you!
* * * LOW HITPOINT WARNING * * *
The polar bear claws you.
* * * LOW HITPOINT WARNING * * *
The polar bear claws you.
You turn to flesh and can move again.
Okay, then.
Okay, then.
You feel better. The catoblepas gores you!
You die...

##P ...# .....#
..P... ###
#.....##..######
.#......#.#....#.
...........?.....
$.......Y@.......
..<.....h........
.................
.....$...........
.................
.................
#...........##.#.
#####........##.#
#........# ##


You could see a catoblepas and a polar bear.

Vanquished Creatures
  A fire dragon (Volcano)
  A hydra (Lair:4)
  2 two-headed ogres (D:11)
  Nergalle (Lair:4)
  Pikel (D:6)
  A swamp dragon (Lair:3)
  An ugly thing (D:11)
  2 black mambas
  3 elephants (Lair:2)
  A gargoyle (D:11)
  A centaur skeleton (D:10)
  4 komodo dragons
  4 spiny frogs
  2 rime drakes
  2 trolls
  A polar bear (Lair:3)
  A hornet (D:12)
  9 hippogriffs
  2 wraiths (D:11)
  10 fire bats (Volcano)
  21 yaks
  5 hungry ghosts
  2 basilisks
  2 steam dragons (Volcano)
  3 vampire mosquitoes (D:12)
  5 water moccasins
  3 orc warriors
  7 porcupines
  A hornet zombie (D:12)
  A slave (D:6)
  4 necrophages
  A phantom (D:7)
  2 ice beasts
  3 sky beasts
  A black bear (D:10)
  10 centaurs
  5 ogres
  5 wolves (Lair:2)
  7 crocodiles
  4 big kobolds
  10 bullfrogs
  Blork the orc (D:4)
  A water moccasin skeleton (D:8)
  2 scorpions
  7 killer bees
  5 wights (D:12)
  A howler monkey (D:4)
  6 crimson imps
  A jelly (D:10)
  8 lava snakes (Volcano)
  A quasit (D:7)
  2 bullfrog zombies
  8 orc priests
  2 bullfrog skeletons
  7 hounds
  Ijyb (D:3)
  Natasha (thrice) (D:2)
  7 iguanas
  10 orc wizards
  6 worker ants
  A killer bee zombie (D:7)
  A hound zombie (D:7)
  A hound skeleton (D:5)
  2 mummies (D:12)
  A worker ant zombie (D:8)
  10 adders
  2 shadow imps
  2 oozes
  2 adder skeletons
  A dart slug (D:2)
  7 leopard geckos
  60 orcs
  11 bats
  17 giant cockroaches
  5 goblins
  7 hobgoblins
  7 jackals
  6 quokkas
  4 frilled lizards
  25 kobolds
  A leopard gecko skeleton (D:5)
  A quokka skeleton (D:4)
  A quokka zombie (D:7)
  7 rats
  A bush (D:11)
  A butterfly (D:6)
415 creatures vanquished.

Vanquished Creatures (others)
  A hell hog (Volcano)
  A blink frog (Lair:5)
  An iguana (Lair:3)
  A leopard gecko (D:6)
  7 fungi
  A plant (Lair:3)
12 creatures vanquished.

Grand Total: 427 creatures vanquished

Notes
Turn   | Place    | Note
-------+----------+-------------------------------------------
     0 | D:1      | jamsan the Minotaur Fighter began the quest for the Orb.
     0 | D:1      | Reached XP level 1. HP: 19/19 MP: 0/0
    97 | D:1      | Reached XP level 2. HP: 27/27 MP: 1/1
   330 | D:1      | Reached XP level 3. HP: 31/33 MP: 2/2
   686 | D:2      | Found a glowing silver altar of Zin.
   794 | D:2      | Reached XP level 4. HP: 40/41 MP: 3/3
  1168 | D:2      | Noticed Natasha
  1172 | D:2      | Killed Natasha
  1181 | D:2      | Found a shattered altar of Ashenzari.
  1267 | D:2      | Noticed Natasha
  1275 | D:2      | Killed Natasha
  1275 | D:2      | Reached skill level 5 in Fighting
  1275 | D:2      | Reached skill level 5 in Armour
  1275 | D:2      | Reached XP level 5. HP: 36/48 MP: 4/4
  1360 | D:2      | Noticed Natasha
  1371 | D:2      | Killed Natasha
  1722 | D:3      | Noticed Ijyb
  1730 | D:3      | Killed Ijyb
  1744 | D:3      | Found a burning altar of Makhleb.
  1849 | D:3      | Found a sacrificial altar of Ru.
  2077 | D:3      | Reached XP level 6. HP: 56/56 MP: 5/5
  2430 | D:3      | Found a bloodstained altar of Trog.
  2466 | D:3      | Became a worshipper of Makhleb the Destroyer
  2554 | D:4      | Noticed Blork the orc
  2559 | D:4      | Reached skill level 5 in Axes
  2570 | D:4      | Killed Blork the orc
  2626 | D:4      | Found Ucliexyr's Food Emporium.
  2672 | D:4      | Reached XP level 7. HP: 33/64 MP: 6/6
  3189 | D:4      | Found a stormy altar of Qazlal.
  3310 | D:4      | Reached * piety under Makhleb
  3491 | D:5      | Entered Level 5 of the Dungeon
  3544 | D:5      | Found a shadowy altar of Dithmenos.
  3928 | D:5      | Found a staircase to the Ecumenical Temple.
  4422 | D:6      | Found a radiant altar of Vehumet.
  4461 | D:6      | Reached XP level 8. HP: 71/73 MP: 7/7
  4596 | D:6      | Found a snail-covered altar of Cheibriados.
  4705 | D:6      | Got a crude scythe
  4706 | D:6      | Identified the +9 scythe of Animal Spirits {slice, *Rage rPois rN+ Stlth+} (You found it on level 6 of the Dungeon)
  4780 | D:6      | Noticed Pikel
  4804 | D:6      | Killed Pikel
  5189 | D:6      | Found a basalt altar of Yredelemnul.
  5414 | D:6      | Found an opulent altar of Gozag.
  5415 | D:6      | Found a sparkling altar of Nemelex Xobeh.
  5847 | D:7      | Reached XP level 9. HP: 68/82 MP: 8/8
  5897 | D:7      | Reached ** piety under Makhleb
  6121 | D:7      | Found an iron altar of Okawaru.
  6355 | D:7      | Found a hazy altar of Hepliaklqana.
  6729 | D:7      | Got an uncursed brightly glowing long sword {slice}
  6730 | D:7      | Identified the +6 long sword "Ymmam" {slice, *Rage rPois Int+7 Dex+4} (You took it off a centaur on level 7 of the Dungeon)
  6839 | D:8      | Reached skill level 10 in Fighting
  6839 | D:8      | Reached skill level 10 in Armour
  6842 | D:8      | Reached *** piety under Makhleb
  7820 | D:9      | Reached skill level 10 in Axes
  7872 | D:9      | Noticed a troll
  7878 | D:9      | Killed a troll
  7919 | D:9      | Reached XP level 10. HP: 48/94 MP: 9/9
  8889 | D:10     | Entered Level 10 of the Dungeon
  9041 | D:10     | Reached **** piety under Makhleb
  9186 | D:10     | Found Bicw's Distillery.
  9239 | D:10     | Found a staircase to the Lair.
  9571 | Lair:1   | Entered Level 1 of the Lair of Beasts
  9788 | Lair:1   | Noticed a black mamba
  9801 | Lair:1   | Killed a black mamba
 10355 | D:11     | Noticed a purple ugly thing
 10363 | D:11     | Killed a purple ugly thing
 10363 | D:11     | Reached XP level 11. HP: 104/104 MP: 10/10
 10646 | D:11     | Noticed a two-headed ogre
 10652 | D:11     | Killed a two-headed ogre
 10843 | D:11     | Reached ***** piety under Makhleb
 10904 | D:11     | Noticed a two-headed ogre
 10911 | D:11     | Killed a two-headed ogre
 11142 | D:11     | Found Jount's Gadget Boutique.
 11558 | D:12     | Noticed Sonja
 11849 | D:12     | Found a sacrificial altar of Ru.
 13048 | Lair:2   | Reached XP level 12. HP: 108/113 MP: 11/11
 13693 | Lair:3   | HP: 5/116 [yak (9)]
 13694 | Lair:3   | HP: 1/116 [yak (13)]
 14034 | Lair:3   | Found a hole to the Spider Nest.
 14100 | Lair:3   | Found a dark tunnel.
 14111 | Volcano  | Entered a volcano
 14450 | Volcano  | Noticed a fire dragon
 14452 | Volcano  | Noticed a hell hog
 14461 | Volcano  | Killed a fire dragon
 14467 | Volcano  | Killed a hell hog
 14855 | Volcano  | Found a radiant altar of Vehumet.
 15126 | Lair:3   | Found a staircase to the Swamp.
 15351 | Lair:3   | Reached skill level 15 in Fighting
 15356 | Lair:3   | Reached skill level 15 in Armour
 16221 | Lair:4   | Noticed Nergalle
 16229 | Lair:4   | Killed Nergalle
 16420 | Lair:4   | Noticed a seven-headed hydra
 16433 | Lair:4   | Killed an eight-headed hydra
 16716 | Lair:4   | Reached XP level 13. HP: 124/127 MP: 12/12
 17097 | Lair:5   | HP: 3/128 [polar bear (5)]
 17098 | Lair:5   | Slain by a catoblepas

Vault maps used:
D:1:      dpeg_arrival_windows_large_door
D:2:      minmay_roachtagon, lemuel_doored_altar, ashenzari_altar_1,
          uniq_natasha
D:3:      old_standard_altar, marbit_many_paths, roderic_lattice_a,
          makhleb_heckhound_becter, uniq_ijyb
D:4:      grunt_qazlal_sundering, serial_shops, shop, first_ration,
          uniq_blork_the_orc
D:5:      minmay_temple_entry_butterflies, minmay_splitting_lines,
          hangedman_decor_clover_reticule, small_statue_intersection,
          nicolae_dithmenos_through_a_glass_darkly
D:6:      grunt_temple_overflow_opulence, lemuel_coloured_pillars_altar,
          nicolae_overflow_crystal_walls, kennysheep_little_box, uniq_pikel
D:7:      kennysheep_mini_moat, okawaru_gym_becter, grunt_ogre_cave
D:10:     lair_entry_dummy, serial_shops, nicolae_shop_behind_doors,
          evilmike_surprise_oklob
D:11:     serial_shops, nicolae_shop_stone, kb_lookout_dungeons_type
D:12:     erik_orc_1, trove_entry_hex_spiral, serial_undead, serial_undead_d,
          serial_undead_a, serial_undead_a, serial_undead_e, serial_undead_a,
          serial_undead_f, serial_undead_b, serial_undead_f,
          nicolae_ru_awakened_eye, uniq_sonja
Lair:2:   lemuel_another_geyser, lemuel_fruit_tree, grunt_megastairs_3
Lair:3:   minmay_swamp_entry_reptiles, dummy_spider_entry, enter_volcano_2,
          infiniplex_staircase_pool_2, grunt_megastairs_4
Lair:4:   grunt_megastairs_1, uniq_nergalle
Lair:5:   dpeg_slime_entry_corner, wad_woods_river_02, st_stairs_6
Volcano:  volcano_grotto

Skill      XL: |  1  2  3  4  5  6  7  8  9 10 11 12 |
---------------+-------------------------------------+-----
Fighting       | 4 5 6 7 8 10 12 13 15 | 15.6
Armour         | 4 5 6 7 8 10 12 13 15 | 15.6
Axes           | 3 4 5 6 8 10 11 13 | 13.4
Shields        | |  3.8

Action                   |  1- 3 |  4- 6 |  7- 9 | 10-12 | 13-15 || total
-------------------------+-------+-------+-------+-------+-------++-------
Melee: War axe           |    87 |   141 |   295 |       |       ||   523
       Headbutt          |    10 |    24 |    55 |    83 |     4 ||   176
       Scythe            |       |       |    77 |   484 |    17 ||   578
       Mace              |       |       |       |     6 |       ||     6
Evoke: Wand              |       |       |       |     7 |       ||     7
  Use: Scroll            |       |     8 |     7 |    12 |       ||    27
       Potion            |       |     2 |    10 |     9 |     4 ||    25
 Stab: Sleeping          |       |       |       |     3 |       ||     3
  Eat: Chunk             |       |     3 |    10 |    11 |       ||    24
       Ration            |       |     1 |     4 |     7 |       ||    12
Armor: Scale mail        |    36 |    52 |       |       |       ||    88
       Ring mail         |       |    13 |   164 |   279 |     6 ||   462
       Skin              |       |       |       |       |    48 ||    48
Dodge: Dodged            |    29 |    55 |   174 |   446 |    13 ||   717
Block: Shield            |    39 |    72 |   140 |       |       ||   251

Table legend:
 A = Spawn XP
 B = Non-spawn XP
 C = Spawn XP percentage of total XP
 D = Spawn monster count
 E = Non-spawn monster count
 F = Spawn count percentage of total count
 G = Total turns spent on level
                    A         B        C        D         E        F      G
               +---------+---------+-------+---------+---------+-------+---------
         Total |       0 |   38760 |   0.0 |       0 |     413 |   0.0 | 17098
               +---------+---------+-------+---------+---------+-------+---------
           D:1 |       0 |      47 |   0.0 |       0 |      27 |   0.0 |   659
           D:2 |       0 |     218 |   0.0 |       0 |      31 |   0.0 |  1049
           D:3 |       0 |     198 |   0.0 |       0 |      25 |   0.0 |   767
           D:4 |       0 |     482 |   0.0 |       0 |      27 |   0.0 |  1016
           D:5 |       0 |     360 |   0.0 |       0 |      17 |   0.0 |   903
           D:6 |       0 |    1143 |   0.0 |       0 |      16 |   0.0 |  1100
           D:7 |       0 |    1363 |   0.0 |       0 |      30 |   0.0 |  1257
           D:8 |       0 |    1049 |   0.0 |       0 |      34 |   0.0 |   899
           D:9 |       0 |    1583 |   0.0 |       0 |      22 |   0.0 |  1239
          D:10 |       0 |    1855 |   0.0 |       0 |      29 |   0.0 |   712
          D:11 |       0 |    6099 |   0.0 |       0 |      34 |   0.0 |  1596
          D:12 |       0 |    2595 |   0.0 |       0 |      24 |   0.0 |   585
        Lair:1 |       0 |    2407 |   0.0 |       0 |      11 |   0.0 |  1147
        Lair:2 |       0 |    4613 |   0.0 |       0 |      20 |   0.0 |   729
        Lair:3 |       0 |    5221 |   0.0 |       0 |      26 |   0.0 |  1589
        Lair:4 |       0 |    5116 |   0.0 |       0 |      18 |   0.0 |  1031
       Volcano |       0 |    4411 |   0.0 |       0 |      22 |   0.0 |   791
               +---------+---------+-------+---------+---------+-------+---------
